 Dungeon Crawl Stone Soup version 0.26.1-11-gd32895ea62 (webtiles) character file.

Game seed: 1077244941991406181

613 Almogavar the Covert (level 7, 0/46 HPs)
             Began as an Octopode Brigand on May 12, 2021.
             Slain by a gnoll
             ... wielding a +0 spear
              (6 damage)
             ... on level 5 of the Dungeon.
             The game lasted 00:09:33 (4945 turns).

Almogavar the Covert (Octopode Brigand)             Turns: 4945, Time: 00:09:34

Health: 0/46       AC:  1    Str: 12    XL:     7   Next: 44%
Magic:  7/7        EV: 13    Int: 13    God:
Gold:   265        SH:  0    Dex: 14    Spells: 6/6 levels left

rFire    . . .     SeeInvis .   a - +2 dagger
rCold    + . .     Faith    .   (no shield)
rNeg     . . .     Spirit   .   (helmet restricted)
rPois    .         Reflect  .   (no amulet)
rElec    .         Harm     .   o - ring of resist corrosion
rCorr    +         Rampage  .   q - ring of protection from cold
Will     .....                  t - ring of stealth
Stlth    ++++++....             (no ring)
HPRegen  0.15/turn              (no ring)
MPRegen  0.10/turn              (no ring)
                                (no ring)
                                (no ring)

@: no status effects
A: almost no armour, stealthy swim, amphibious, 8 rings, constrict 8, camouflage
1, gelatinous body 1
a: no special abilities


You were on level 5 of the Dungeon.
You visited 1 branch of the dungeon, and saw 5 of its levels.

You collected 265 gold pieces.

Inventory:

Hand Weapons
 a - a +2 dagger (weapon)
Missiles
 b - 22 poisoned darts (quivered)
 c - 2 curare-tipped darts
Jewellery
 o - a ring of resist corrosion (left tentacle)
 q - a ring of protection from cold (right tentacle)
 t - a ring of stealth (on tentacle)
Wands
 d - a wand of acid (13)
Scrolls
 e - 3 scrolls of teleportation
 g - 2 scrolls of blinking
 h - a scroll of noise {unknown}
 j - a scroll of enchant weapon {unknown}
 n - 4 scrolls of remove curse {unknown}
 s - a scroll of fog {unknown}
 u - 2 scrolls of enchant armour {unknown}
Potions
 f - 3 potions of curing
 i - a potion of heal wounds {unknown}
 k - a potion of haste {unknown}
 l - 2 potions of flight {unknown}
 m - a potion of resistance {unknown}
 p - a potion of ambrosia {unknown}
 r - a potion of berserk rage {unknown}


   Skills:
 + Level 3.2 Fighting
 + Level 4.3 Short Blades
 + Level 2.9 Throwing
 + Level 2.1 Dodging
 + Level 9.3 Stealth


You had 6 spell levels left.
You didn't know any spells.
Your spell library was empty.

Dungeon Overview and Level Annotations

Branches:
Dungeon (5/15)
 Temple: D:4-7

Altars:
The Shining One

Shops:
D:4 =


Innate Abilities, Weirdness & Mutations

You cannot wear most types of armour.
You are very stealthy in the water. (Stealth+)
You are amphibious.
You can wear up to eight rings at the same time.
You can use your tentacles to constrict eight enemies at once.
Your skin changes colour to match your surroundings (Stealth+).
Your rubbery body absorbs attacks. (AC +1, EV +1)


Message History

You climb downwards.
You hear the sound of rushing water.
There is an entrance to a sewer on this level.
Hurry and find it before the portal rusts away!
You hear the brisk rusting of a distant drain.
A gnoll comes into view.
The gnoll shouts!
The centaur shoots an arrow.
The arrow hits you!
Found a stone staircase leading down.
There is a stone staircase leading up here.
You see here an arrow.
The centaur shoots an arrow.
The arrow hits you! The gnoll closely misses you.
You see here an arrow.
The gnoll barely misses you.
The gnoll hits you from afar with a +0 spear.
There is a stone staircase leading up here.
You see here an arrow.
The gnoll hits you with a +0 spear!
* * * LOW HITPOINT WARNING * * *
The gnoll hits you from afar with a +0 spear.
You die...

. .. ... ....
#########.>...
#............. .##
#....(@gc.....#..####
#.......g#.#.#.#.#..
#......g...[......#
...........#B#.#.#.##
.......###.Z........#
#..........#.#.#.#.##
##....# #..g..(.B...#
#.# ..##.
#..#.#(#.#<#.....
##.........(# .##


You could see a centaur, a worker ant (wandering), 4 gnolls and a leopard gecko
zombie.

Vanquished Creatures
  Sigmund (D:2)
  An ogre (D:4)
  A scorpion (D:4)
  An orc wizard (D:4)
  2 hounds (D:4)
  A jelly (D:4)
  An iguana (D:4)
  A worker ant (D:4)
  8 adders
  An ufetubus (D:5)
  2 worms
  5 dart slugs
  4 leopard geckos
  4 orcs (D:4)
  4 bats
  2 giant cockroaches
  10 goblins
  4 hobgoblins
  6 jackals
  4 quokkas
  A frilled lizard (D:4)
  4 kobolds
  A leopard gecko skeleton (D:4)
  5 rats
74 creatures vanquished.

Notes
Turn   | Place    | Note
-------+----------+-------------------------------------------
     0 | D:1      | Almogavar the Octopode Brigand began the quest for the Orb.
     0 | D:1      | Reached XP level 1. HP: 14/14 MP: 1/1
    48 | D:1      | Reached XP level 2. HP: 16/19 MP: 2/2
   447 | D:1      | Reached skill level 6 in Stealth
   484 | D:1      | Reached XP level 3. HP: 24/24 MP: 3/3
  1305 | D:2      | Noticed Sigmund
  1322 | D:2      | Killed Sigmund
  1323 | D:2      | Reached skill level 7 in Stealth
  1323 | D:2      | Reached XP level 4. HP: 21/30 MP: 4/4
  1323 | D:2      | Reached XP level 5. HP: 24/35 MP: 5/5
  2340 | D:3      | Found a glowing golden altar of the Shining One.
  2427 | D:3      | Reached XP level 6. HP: 23/41 MP: 6/6
  3371 | D:4      | Reached skill level 8 in Stealth
  3401 | D:4      | Found Fuafisod's Jewellery Shop.
  3771 | D:4      | Reached XP level 7. HP: 19/46 MP: 7/7
  4415 | D:4      | Reached skill level 9 in Stealth
  4646 | D:5      | Entered Level 5 of the Dungeon
  4945 | D:5      | Slain by a gnoll

Illustrated notes

Levels and vault maps discovered:
D:1:      psy_arrival_radial01, layout_loops_cross, serial_bayou_pond_a,
          minmay_split_cup_small
D:2:      layout_basic, uniq_sigmund
D:3:      layout_rooms, tso_metal_star, minmay_box_of_dots
D:4:      layout_loops_cross, minmay_shop_enchanted_jewellery,
          grunt_ministairs_14
D:5:      layout_rooms, cheibrodos_ashenzari_chains, gup_sewer_entry_glass,
          st_stairs_9, uniq_grinder, uniq_crazy_yiuf_cottage

Skill      XL: |  1  2  3  4  5  6  7 |
---------------+----------------------+-----
Stealth        | 6 7 8 9 |  9.3
Short Blades   | 3 4 |  4.3
Dodging        | 2 |  2.1
Fighting       | 3 |  3.2
Throwing       | |  2.9

Action                   |  1- 3 |  4- 6 |  7- 9 || total
-------------------------+-------+-------+-------++-------
Melee: Dagger            |    48 |    80 |    30 ||   158
       Constrict         |    12 |    17 |     4 ||    33
       Tentacles         |     4 |    13 |     7 ||    24
Throw: Dart              |     5 |     5 |       ||    10
  Use: Scroll            |     1 |     4 |       ||     5
 Stab: Sleeping          |     9 |    15 |     4 ||    28
       Distracted        |       |     2 |     1 ||     3
Armor: Skin              |     4 |     2 |       ||     6
Dodge: Dodged            |    26 |    39 |    18 ||    83
